 Dungeon Crawl Stone Soup version 0.23.0 (webtiles) character file.

Game seed: 6291798464683775393

2816 Revguard the Cleaver (level 9, -20/79 HPs)
             Began as a Hill Orc Monk on Feb 13, 2019.
             Was a Believer of Beogh.
             Demolished by a large slime creature (24 damage)
             ... on level 8 of the Dungeon.
             The game lasted 00:26:27 (7761 turns).

Revguard the Cleaver (Hill Orc Monk)                Turns: 7761, Time: 00:26:28

Health: -20/79     AC: 15    Str: 15    XL:     9   Next: 72%
Magic:  19/19      EV:  9    Int:  7    God:    Beogh [**....]
Gold:   397        SH:  0    Dex: 24    Spells: 8/8 levels left

rFire    + + .     SeeInvis +   r - +1 war axe
rCold    + . .     Gourm    .   (no shield)
rNeg     . . .     Faith    .   A - +2 chain mail of Valour {rF++ Int-3 Dex+9 SInv}
rPois    .         Spirit   .   l - +0 helmet
rElec    .         Reflect  .   m - scarf {repulsion}
rCorr    .         Harm     .   B - +0 pair of gloves
MR       .....                  (no boots)
Stlth    ..........             i - amulet of magic regeneration
HPRegen  0.23/turn              b - ring of magical power
MPRegen  0.41/turn              a - ring of ice

@: repel missiles
A: see invisible, fire resistance 1
a: Smiting, Renounce Religion


You were on level 8 of the Dungeon.
You worshipped Beogh.
Beogh was pleased with you.
You were very hungry.

You visited 1 branch of the dungeon, and saw 8 of its levels.

You collected 397 gold pieces.

Inventory:

Hand Weapons
 r - a +1 war axe (weapon)
 E - the +5 mace of the Coward {antimagic, rElec rF- Str+4 Dex+4}
   (You found it on level 7 of the Dungeon)

   It reduces the magical energy of the wielder, and disrupts the spells and
   magical abilities of those hit.
   Natural abilities and divine invocations are not affected.
   It affects your strength (+4).
   It affects your dexterity (+4).
   It makes you vulnerable to fire.
   It insulates you from electricity.
Armour
 f - a +1 plate armour
 l - a +0 helmet (worn)
 m - a scarf of repulsion (worn)
 v - the +1 ring mail of the Endless Ships {Int+5 Dex+4}
   (You found it on level 5 of the Dungeon)

   It affects your intelligence (+5).
   It affects your dexterity (+4).
 A - the +2 chain mail of Valour (worn) {rF++ Int-3 Dex+9 SInv}
   (You found it on level 6 of the Dungeon)

   It affects your intelligence (-3).
   It affects your dexterity (+9).
   It greatly protects you from fire.
   It lets you see invisible.
 B - a +0 pair of gloves (worn)
 C - a +2 ring mail of cold resistance
Jewellery
 a - a ring of ice (right hand)
 b - a ring of magical power (left hand)
 i - an amulet of magic regeneration (around neck)
Wands
 g - a wand of digging (3)
 p - a wand of polymorph (9)
 s - a wand of flame (35)
Scrolls
 d - a scroll of amnesia
 k - a scroll of fog {unknown}
 o - 3 scrolls of teleportation
 t - 2 scrolls of magic mapping
 u - a scroll of enchant armour
 w - 2 scrolls of enchant weapon
 x - a scroll of vulnerability {unknown}
 y - a scroll of brand weapon {unknown}
 z - 3 scrolls of remove curse
 D - a scroll of fear
 F - a scroll of identify
Potions
 e - 3 potions of might
 h - a potion of ambrosia
 j - 2 potions of resistance
 q - 5 potions of curing
Comestibles
 c - 13 rations


   Skills:
 + Level 7.4 Fighting
 + Level 11.9 Axes
 + Level 7.7 Armour
 + Level 3.3 Dodging
 - Level 1.5 Stealth
 * Level 2.3 Invocations


You had 8 spell levels left.
You didn't know any spells.
Your spell library contained the following spells:

 Spells                   Type           Power        Failure   Level  Hunger
 Beastly Appendage        Tmut           #.....       100%        1    ##.....
 Sticks to Snakes         Tmut           #.......     100%        2    ###....
 Spider Form              Tmut/Pois      #.........   100%        3    ####...
 Ice Form                 Ice/Tmut       #.......     100%        4    #####..
 Blade Hands              Tmut           #.........   100%        5    ######.


Dungeon Overview and Level Annotations

Branches:
Dungeon (8/15)             Temple (0/1) D:7
   Lair: D:8-11

Altars:
Kikubaaqudgha

Shops:
D:4 [


Innate Abilities, Weirdness & Mutations

You have supernaturally acute eyesight. (SInv)
Your flesh is heat resistant. (rF+)


Message History

The slime creature hits you but does no damage.
The hungry ghost barely misses you.
The large slime creature closely misses you.
The slime creature closely misses you.
You are feeling very hungry.
You slash the slime creature!
The slime creature is almost dead.
You slash the large slime creature! You hit the slime creature.
You hit the howler monkey zombie. You hit the hungry ghost.
The slime creature hits you!
The howler monkey zombie hits you but does no damage.
The hungry ghost barely misses you. The large slime creature hits you!!
* * * LOW HITPOINT WARNING * * *
The slime creature hits you.
* * * LOW HITPOINT WARNING * * *
The howler monkey zombie misses you. The slime creature hits you!
* * * LOW HITPOINT WARNING * * *
The hungry ghost hits you.
You feel quite a bit more hungry. The large slime creature hits you!!
You die...

### .#. .. #...
.. #....
.###.....
.........
#........ #
##.Z......
#...##.@JO.....
......WJJ......
..##...........
#...........
...#.........
..#..##...##...
# ## #.... #..
...... .#
...##..


You could see a large slime creature, 2 slime creatures, a two-headed ogre, a
hungry ghost and a howler monkey zombie.

Vanquished Creatures
  Pikel (D:6)
  Joseph (D:7)
  A hippogriff (D:7)
  A hungry ghost (D:7)
  Edmund (D:6)
  Duvessa (D:4)
  2 ice beasts
  2 phantoms
  A centaur (D:7)
  3 bullfrogs (D:6)
  A wyvern zombie (D:7)
  Dowan (D:4)
  A scorpion (D:4)
  A centaur zombie (D:5)
  A quasit (D:5)
  3 bullfrog skeletons
  A gnoll shaman (D:6)
  An iguana (D:5)
  4 worker ants
  5 orc wizards
  A hound zombie (D:7)
  3 gnolls (D:6)
  14 adders
  A shadow imp (D:6)
  3 oozes
  An adder zombie (D:6)
  4 worms (D:3)
  A dart slug (D:2)
  10 leopard geckos
  23 orcs
  2 ball pythons
  4 giant cockroaches
  5 goblins
  6 hobgoblins
  9 jackals
  4 kobolds (D:1)
  3 quokkas
  A ball python skeleton (D:4)
  4 bats (D:3)
  6 frilled lizards
  9 rats
147 creatures vanquished.

Vanquished Creatures (others)
  3 killer bees (D:7)
  3 howler monkeys (D:7)
  A hound (D:7)
  2 orc priests (D:7)
  4 orcs (D:7)
  2 quokkas (D:7)
15 creatures vanquished.

Grand Total: 162 creatures vanquished

Notes
Turn   | Place    | Note
-------+----------+-------------------------------------------
     0 | D:1      | Revguard the Hill Orc Monk began the quest for the Orb.
     0 | D:1      | Reached XP level 1. HP: 19/19 MP: 1/1
    49 | D:1      | Reached XP level 2. HP: 17/27 MP: 2/2
   352 | D:1      | Reached XP level 3. HP: 30/33 MP: 3/3
   957 | D:2      | Reached skill level 5 in Axes
   957 | D:2      | Reached skill level 1 in Armour
   984 | D:2      | Reached XP level 4. HP: 36/40 MP: 4/4
  1353 | D:2      | Found a faded altar of an unknown god.
  1456 | D:2      | Gained mutation: You are robust. (+10% HP) [potion of
                  | mutation]
  1456 | D:2      | Lost mutation: You are robust. (+10% HP) [potion of
                  | mutation]
  1456 | D:2      | Gained mutation: Your flesh is heat resistant. (rF+)
                  | [potion of mutation]
  1456 | D:2      | Gained mutation: You have supernaturally acute eyesight.
                  | (SInv) [potion of mutation]
  1818 | D:3      | Reached XP level 5. HP: 25/47 MP: 5/5
  2821 | D:4      | Noticed Duvessa
  2821 | D:4      | Noticed Dowan
  2837 | D:5      | Entered Level 5 of the Dungeon
  3117 | D:5      | Noticed an ice beast
  3148 | D:5      | Killed an ice beast
  3148 | D:5      | Reached skill level 6 in Axes
  3148 | D:5      | Reached XP level 6. HP: 31/53 MP: 6/6
  3320 | D:5      | Found an ancient bone altar of Kikubaaqudgha.
  3758 | D:5      | Got a steaming ring mail
  3762 | D:5      | Identified the cursed +1 ring mail of the Endless Ships
                  | {Int+5 Dex+4} (You found it on level 5 of the Dungeon)
  3812 | D:5      | Reached skill level 7 in Axes
  4116 | D:5      | Reached XP level 7. HP: 52/60 MP: 7/7
  4205 | D:5      | Reached skill level 5 in Fighting
  4391 | D:4      | Reached skill level 8 in Axes
  4536 | D:4      | Killed Duvessa
  4564 | D:4      | Killed Dowan
  4955 | D:4      | Reached skill level 9 in Axes
  5013 | D:4      | Reached XP level 8. HP: 52/69 MP: 8/8
  5052 | D:4      | Found Zim Fomnif's Antique Armour Emporium.
  5128 | D:4      | You fall through a shaft for 2 floors!
  5155 | D:6      | Noticed Pikel
  5171 | D:6      | Killed Pikel
  5171 | D:6      | Reached skill level 10 in Axes
  5171 | D:6      | Reached skill level 5 in Armour
  5352 | D:6      | Noticed Edmund
  5366 | D:6      | Killed Edmund
  5559 | D:6      | Reached XP level 9. HP: 65/78 MP: 9/9
  6076 | D:6      | Got an ichor-stained chain mail
  6106 | D:6      | Identified the +2 chain mail of Valour {rF++ Int-3 Dex+9
                  | SInv} (You found it on level 6 of the Dungeon)
  6645 | D:4      | Reached skill level 11 in Axes
  6923 | D:7      | Got a scorched mace
  6924 | D:7      | Identified the +5 mace of the Coward {antimagic, rElec rF-
                  | Str+4 Dex+4} (You found it on level 7 of the Dungeon)
  6942 | D:7      | Became a worshipper of Beogh the Brigand
  6942 | D:7      | Reached * piety under Beogh
  6942 | D:7      | Reached ** piety under Beogh
  7056 | D:7      | Noticed Joseph
  7095 | D:7      | Killed Joseph
  7700 | D:7      | Found a staircase to the Ecumenical Temple.
  7749 | D:8      | Noticed a two-headed ogre
  7761 | D:8      | Demolished by a large slime creature

Skill      XL: |  1  2  3  4  5  6  7  8  9 |
---------------+----------------------------+-----
Fighting       | 4 5 6 7 |  7.4
Axes           | 5 6 7 9 10 11 | 11.9
Armour         | 1 2 3 4 6 7 |  7.7
Dodging        | 3 |  3.3
Invocations    | 2 |  2.3
Stealth        | |  1.5

Action                   |  1- 3 |  4- 6 |  7- 9 || total
-------------------------+-------+-------+-------++-------
Melee: Hand axe          |   141 |   220 |       ||   361
       War axe           |       |    70 |   327 ||   397
Invok: Convert to Beogh  |       |       |     1 ||     1
  Use: Scroll            |       |    11 |     3 ||    14
       Potion            |       |     3 |     8 ||    11
 Stab: Distracted        |       |       |     1 ||     1
  Eat: Chunk             |       |    11 |     6 ||    17
       Ration            |       |       |     3 ||     3
Armor: Scale mail        |    48 |       |       ||    48
       Robe              |     3 |       |       ||     3
       Chain mail        |     1 |    13 |   108 ||   122
       Plate armour      |       |   215 |   154 ||   369
Dodge: Dodged            |   100 |    82 |   115 ||   297
       Deflected         |       |     1 |     5 ||     6
